 Dungeon Crawl Stone Soup version 0.30-a0-1053-gbd8d5ba0ad (webtiles) character file.

Game seed: 11358735195494092432

19500 jlumianski the Eye of the Storm (level 12, -1/142 HPs)
             Began as a Demonspawn Fighter on Apr 12, 2023.
             Was a Priest of Qazlal.
             Succumbed to a redback's poison
             ... on level 2 of the Lair of Beasts.
             The game lasted 00:52:22 (12660 turns).

jlumianski the Eye of the Storm (DsFi)             Turns: 12660, Time: 00:52:23

Health: -1/142     AC: 19    Str: 21    XL:     12   Next: 37%
Magic:  6/19       EV:  6    Int: 14    God:    Qazlal [***...]
Gold:   774        SH: 23    Dex: 11    Spells: 11/11 levels left

rFire   . . .      SeeInvis .    b - +6 war axe (freeze)
rCold   + . .      Faith    .    r - +0 tower shield
rNeg    + . .      Spirit   +    i - +2 chain mail {rC+}
rPois   .          Reflect  +    (helmet unavailable)
rElec   .          Rampage  .    H - +1 cloak
rCorr   .                        (no gloves)
Will    .....                    l - +1 pair of boots Stlth
                                 L - amulet of reflection
HPRegen 0.43/turn                N - ring of positive energy
MPRegen 0.32/turn                v - ring of flight

@: berserking, lethally poisoned (-1 -> -16), flying, very quick
A: horns 3, yellow scales 1, demonic guardian 2, magic shield, magic
regeneration, clever 1, deterioration 1, sturdy frame 1
a: Renounce Religion, Upheaval, Elemental Force


You were on level 2 of the Lair of Beasts.
You worshipped Qazlal.
Qazlal was most pleased with you.
You visited 3 branches of the dungeon, and saw 13 of its levels.

You collected 774 gold pieces.

Inventory:

Hand Weapons
 b - a +6 war axe of freezing (weapon)
 p - a +4 scimitar of flaming
 t - a +1 demon whip of venom
 C - a +3 spear
Missiles
 f - 3 boomerangs
 k - a throwing net
 F - 23 poisoned darts (quivered)
 W - 2 silver boomerangs
Armour
 c - a +0 buckler
 i - a +2 chain mail of cold resistance (worn)
 l - a +1 pair of boots (worn)
 r - a +0 tower shield (worn)
 H - a +1 cloak (worn)
Jewellery
 v - a ring of flight (right hand)
 L - an amulet of reflection (around neck)
 N - a ring of positive energy (left hand)
Wands
 d - a wand of mindburst (10)
 h - a wand of quicksilver (5)
 j - a wand of polymorph (14)
 s - a wand of paralysis (6)
 R - a wand of iceblast (7)
 Z - a wand of flame (15)
Scrolls
 a - a scroll of enchant armour
 e - 2 scrolls of fear
 m - 5 scrolls of teleportation
 w - a scroll of blinking
 x - 3 scrolls of poison
 I - 2 scrolls of fog
 O - a scroll of summoning
Potions
 n - a potion of magic
 o - 2 potions of attraction
 q - 3 potions of flight
 u - 2 potions of lignification
 B - 2 potions of haste
 G - a potion of invisibility {unknown}
 V - a potion of ambrosia {unknown}
 X - a potion of curing
 Y - a potion of might
Miscellaneous
 M - a piece from Xom's chessboard (15/15)


   Skills:
 * Level 9.0 Fighting
 + Level 10.1 Axes
 + Level 1.3 Throwing
 + Level 7.4 Armour
 + Level 2.5 Dodging
 + Level 7.2 Shields
 * Level 10.2 Invocations
 * Level 8.0 Evocations


You had 11 spell levels left.
You didn't know any spells.
Your spell library contained the following spells:

 Spells                   Type           Power      Damage    Failure   Level
 Blink                    Tloc           0%         N/A       100%        2
 Cigotuvi's Dreadful Rot  Necr/Pois/Air  0%         N/A       100%        2
 Scorch                   Fire           0%         2d5       100%        2
 Sublimation of Blood     Necr           0%         N/A       100%        2
 Wereblood                Tmut           0%         N/A       100%        2
 Ignite Poison            Fire/Tmut/Pois 0%         N/A       100%        3
 Animate Dead             Necr           0%         N/A       100%        4
 Flame Wave               Conj/Fire      0%         2d4       100%        4
 Manifold Assault         Tloc           0%         N/A       100%        4
 Passage of Golubria      Tloc           0%         N/A       100%        4
 Borgnjor's Vile Clutch   Necr/Erth      0%         N/A       100%        5
 Freezing Cloud           Conj/Ice/Air   0%         6-21      100%        5
 Silence                  Hex/Air        0%         N/A       100%        5
 Death Channel            Necr           0%         N/A       100%        6
 Summon Cactus Giant      Summ           0%         N/A       100%        6
 Storm Form               Tmut/Air       0%         N/A       100%        7
 Summon Hydra             Summ           0%         N/A       100%        7
 Lehudib's Crystal Spear  Conj/Erth      0%         10d2      100%        8


Dungeon Overview and Level Annotations

Branches:
Dungeon (10/15)            Temple (1/1) D:5            Lair (2/5) D:9
 Spider (0/4) Lair:2
  Swamp: Lair:2-3    Shoals: Lair:2-3       Orc: D:9-12

Altars:
Ashenzari
Cheibriados
Dithmenos
Fedhas
Gozag
Kikubaaqudgha
Makhleb
Nemelex Xobeh
Qazlal
Ru
Trog
Wu Jian
Xom

Shops:
D:9 =

Annotations:
D:9 domi's ghost, novice MeEE


Innate Abilities, Weirdness & Mutations

You have a pair of large horns on your head.
You are partially covered in yellow scales. (AC +2)
A demonic guardian rushes to your aid.
When hurt, damage is shared between your health and your magic reserves.
You regenerate magic rapidly.
Your mind is acute. (Int +4, Str/Dex -1)
Your body sometimes deteriorates upon taking damage.
Your movements are slightly less encumbered by armour. (ER -2)


Message History

The jumping spider barely misses you.
You closely miss the jumping spider.
Your headbutt misses the jumping spider.
The jumping spider is lightly wounded.
You slash the redback! You freeze the redback. You block the redback's attack.
The jumping spider leaps!
The redback bites you.
Found a hole to the Spider Nest.
The redback bites you.
You are lethally poisoned!
The redback poisons you! You block the redback's attack.
You closely miss the redback.
The redback is heavily wounded.
You slash the plant!
The plant begins to die.
You freeze the plant.
* * * LOW HITPOINT WARNING * * *
You feel extremely sick.
You block the redback's attack. x2; The jumping spider pounces on you!
* * * LOW HITPOINT WARNING * * *
A demonic guardian appears!
You block the jumping spider's attack.
You hit the redback. You freeze the redback. Your headbutt misses the redback.
The redback is severely wounded.
You slash the plant! You freeze the plant. You barely miss the jumping spider.
* * * LOW HITPOINT WARNING * * *
You feel extremely sick. You block the redback's attack.
The jumping spider pounces on you but does no damage.
You block the jumping spider's attack. The redback bites you!
* * * LOW HITPOINT WARNING * * *
Your rust devil closely misses the redback.
You block the jumping spider's attack.
The jumping spider bites you but does no damage.
You barely miss the redback.
The redback is severely wounded.
You miss the jumping spider. You slash the plant! You freeze the plant.
* * * LOW HITPOINT WARNING * * *
You feel extremely sick. The redback closely misses you.
The jumping spider leaps!
Your rust devil hits the redback.
Your rust devil corrodes the redback!
You block the redback's attack.
A red film seems to cover your vision as you go berserk!
You feel yourself moving faster!
You feel mighty!
You die...

..#.##..## ..
.###.........P #.##
..#.......#...##...## >
....#. #...##.....# ..
#..s# ##...†.....# ...
#..P####.#......... ....
##..#.###<##†......
#....#P.#..##..##4......
###..[○@#.†#..#.#....P..
.....4s.................
....#.......###..##.#...
... #...#....###..#...#.
> ......#....# .........
.......#...####.#.P###.
.....##.....# ..#..#
#...# ....... .......
.##. .#.....# ... #P.


You could see a jumping spider (soul bound), a redback (soul bound, corroded,
ally target) and a friendly rust devil (summoned).

Vanquished Creatures
  Erica (Lair:1)
  A catoblepas (Lair:2)
  2 death yaks (Lair:1)
  Amaemon (Lair:1)
  A skyshark (Lair:2)
  A pharaoh ant (Lair:2)
  A lindwurm (Lair:2)
  A manticore (D:9)
  An ugly thing (D:8)
  12 elephants
  An orange demon (Lair:1)
  A cane toad (Lair:1)
  A rime drake (Lair:1)
  3 komodo dragons
  2 trolls (D:8)
  A tarantella (Lair:2)
  Grinder (D:4)
  2 polar bears
  A wraith (D:8)
  13 yaks
  2 basilisks
  2 wyverns
  A vampire mosquito (D:9)
  Menkaure (D:4)
  An acid dragon (D:8)
  A water moccasin (D:8)
  2 orc warriors
  A sky beast (D:7)
  3 black bears
  An ogre (D:7)
  6 centaurs
  A phantom (D:6)
  A kobold brigand (D:9)
  A bullfrog (D:9)
  A gnoll sergeant (D:10)
  3 scorpions
  18 wights
  4 howler monkeys
  3 jellies
  2 gnoll boudas (D:7)
  2 hounds
  3 orc priests
  A sleepcap (D:4)
  Ijyb (D:3)
  An iguana (D:5)
  4 orc wizards
  12 gnolls
  10 adders
  4 worms
  7 dart slugs
  37 orcs
  11 endoplasms
  3 giant cockroaches
  8 goblins
  8 hobgoblins
  10 jackals
  3 quokkas
  11 ball pythons
  5 bats
  5 frilled lizards
  5 kobolds
  4 rats
  A butterfly (Lair:1)
259 creatures vanquished.

Vanquished Creatures (collateral kills)
  An elephant (Lair:2)
  A torpor snail (Lair:1)
  A yak (Lair:2)
  A steam dragon (D:8)
  A wight (D:8)
  A howler monkey (D:8)
  Crazy Yiuf (D:4)
  3 orcs (D:8)
10 creatures vanquished.

Vanquished Creatures (others)
  2 orcs (D:8)
  15 fungi
  12 plants
  4 toadstools (D:1)
33 creatures vanquished.

Grand Total: 302 creatures vanquished

Notes
Turn   | Place    | Note
-------+----------+-------------------------------------------
     0 | D:1      | jlumianski the Demonspawn Fighter began the quest for the
                  | Orb.
     0 | D:1      | Reached XP level 1. HP: 18/18 MP: 1/1
   204 | D:1      | Gained mutation: You are partially covered in yellow
                  | scales. (AC +2) [demonic ancestry]
   204 | D:1      | Reached XP level 2. HP: 24/24 MP: 2/2
   539 | D:2      | Gained mutation: A weak demonic guardian rushes to your
                  | aid. [demonic ancestry]
   539 | D:2      | Reached XP level 3. HP: 18/29 MP: 3/3
   823 | D:2      | Found a broken altar of Ashenzari.
   860 | D:3      | Noticed Ijyb
  1213 | D:1      | Gained mutation: You have a pair of small horns on your
                  | head. [demonic ancestry]
  1213 | D:1      | Reached XP level 4. HP: 35/35 MP: 4/4
  1619 | D:1      | You fall into a shaft and drop 1 floor!
  1680 | D:2      | Identified the +0 leather armour of Xygg {rPois Str+2}
  1849 | D:3      | Killed Ijyb
  2238 | D:3      | Gained mutation: You regenerate magic rapidly. [demonic
                  | ancestry]
  2238 | D:3      | Reached XP level 5. HP: 41/41 MP: 5/5
  2830 | D:5      | Entered Level 5 of the Dungeon
  2830 | D:5      | Noticed Menkaure
  2836 | D:4      | Killed Menkaure
  2837 | D:4      | Reached skill level 1 in Evocations
  2837 | D:4      | Reached XP level 6. HP: 42/48 MP: 6/6
  3430 | D:4      | Noticed Grinder
  3440 | D:4      | HP: 2/48 [Grinder/nerve-wracking pain (14)]
  3705 | D:5      | Found a shimmering altar of Xom.
  3834 | D:5      | Found a staircase to the Ecumenical Temple.
  3840 | Temple   | Entered the Ecumenical Temple
  3848 | Temple   | Became a worshipper of Qazlal Stormbringer
  3882 | D:5      | Gained mutation: When hurt, damage is shared between your
                  | health and your magic reserves. [demonic ancestry]
  3882 | D:5      | Reached XP level 7. HP: 49/54 MP: 7/7
  4153 | D:5      | Found a bloodstained altar of Trog.
  4318 | D:4      | Reached skill level 5 in Axes
  4548 | D:4      | Reached skill level 1 in Invocations
  4594 | D:4      | Killed Grinder
  4783 | D:4      | Found a runed translucent door.
  4784 | D:4      | Noticed Crazy Yiuf
  4795 | D:4      | Killed Crazy Yiuf
  5448 | D:5      | Reached skill level 1 in Dodging
  5448 | D:5      | Gained mutation: You have a pair of horns on your head.
                  | [demonic ancestry]
  5448 | D:5      | Reached XP level 8. HP: 57/61 MP: 10/10
  5848 | D:7      | Found a blossoming altar of Fedhas.
  6129 | D:9      | Noticed a red ugly thing
  6393 | D:7      | Reached * piety under Qazlal
  6607 | D:6      | Reached skill level 5 in Fighting
  6692 | D:6      | Reached skill level 5 in Armour
  6847 | D:6      | Gained mutation: A demonic guardian rushes to your aid.
                  | [demonic ancestry]
  6847 | D:6      | Reached XP level 9. HP: 68/68 MP: 12/12
  7508 | D:7      | Reached skill level 5 in Invocations
  7633 | D:7      | Gained mutation: Potions are less effective at restoring
                  | your health. [potion of mutation]
  7633 | D:7      | Gained mutation: You are clumsy. (Dex -2) [potion of
                  | mutation]
  7633 | D:7      | Gained mutation: Your flesh is cold resistant. (rC+)
                  | [potion of mutation]
  7634 | D:7      | Lost mutation: You are clumsy. (Dex -2) [potion of
                  | mutation]
  7634 | D:7      | Lost mutation: Potions are less effective at restoring your
                  | health. [potion of mutation]
  7634 | D:7      | Lost mutation: Your flesh is cold resistant. (rC+) [potion
                  | of mutation]
  7634 | D:7      | Gained mutation: Your mind is acute. (Int +4, Str/Dex -1)
                  | [potion of mutation]
  7634 | D:7      | Gained mutation: Your body sometimes deteriorates upon
                  | taking damage. [potion of mutation]
  7634 | D:7      | Gained mutation: Your movements are slightly less
                  | encumbered by armour. (ER -2) [potion of mutation]
  7688 | D:9      | Noticed a troll
  7703 | D:8      | Killed a troll
  7779 | D:9      | Found an ornate altar of the Wu Jian Council.
  7893 | D:8      | Reached ** piety under Qazlal
  7899 | D:8      | Reached skill level 5 in Evocations
  7968 | D:8      | Found an ancient bone altar of Kikubaaqudgha.
  8078 | D:8      | Found a snail-covered altar of Cheibriados.
  8415 | D:9      | Noticed a manticore
  8574 | D:8      | Reached XP level 10. HP: 25/76 MP: 4/15
  8743 | D:9      | Killed a manticore
  8744 | D:9      | Reached skill level 5 in Shields
  8974 | D:8      | Killed a red ugly thing
  9630 | D:9      | Found Tonoykk's Jewellery Boutique.
  9766 | D:10     | Entered Level 10 of the Dungeon
  9891 | D:9      | Found a staircase to the Lair.
 10207 | D:9      | Reached *** piety under Qazlal
 10238 | D:9      | Found a runed translucent gate.
 10238 | D:9      | Found a runed translucent gate.
 10238 | D:9      | Found a runed translucent gate.
 10241 | D:9      | Noticed domi's ghost (novice MeEE)
 10293 | D:9      | Found a sparkling altar of Nemelex Xobeh.
 10655 | Lair:1   | Entered Level 1 of the Lair of Beasts
 10762 | Lair:1   | Noticed an elephant
 10766 | Lair:1   | Noticed an elephant
 10766 | Lair:1   | Noticed an elephant
 10769 | Lair:1   | Noticed an elephant
 10772 | Lair:1   | Killed an elephant
 10773 | Lair:1   | Gained mutation: You have a pair of large horns on your
                  | head. [demonic ancestry]
 10773 | Lair:1   | Reached XP level 11. HP: 81/84 MP: 15/17
 10788 | Lair:1   | Reached skill level 1 in Throwing
 10972 | Lair:2   | Noticed a lindwurm
 11254 | Lair:1   | Noticed Erica
 11269 | Lair:1   | Killed Erica
 11578 | Lair:2   | Noticed a skyshark
 11591 | Lair:2   | Killed a skyshark
 11735 | Lair:2   | Noticed a death yak
 11739 | Lair:2   | Noticed a death yak
 11739 | Lair:2   | Noticed a death yak
 11751 | Lair:1   | Killed a death yak
 12156 | Lair:1   | Noticed Amaemon
 12165 | Lair:1   | Killed Amaemon
 12432 | Lair:2   | Noticed a death yak
 12434 | Lair:2   | Noticed a catoblepas
 12441 | Lair:1   | Killed a death yak
 12442 | Lair:1   | Reached XP level 12. HP: 38/94 MP: 9/19
 12610 | Lair:2   | Killed a catoblepas
 12624 | Lair:2   | Reached skill level 10 in Invocations
 12626 | Lair:2   | Reached skill level 10 in Axes
 12656 | Lair:2   | Found a hole to the Spider Nest.
 12659 | Lair:2   | HP: 1/95 [poisoned by a redback]
 12660 | Lair:2   | Succumbed to a redback's poison

Illustrated notes

Levels and vault maps discovered:
D:1:      ldierk_walled_garden_2, layout_basic
D:2:      layout_basic, basic_altar
D:3:      minmay_razor_zed, layout_basic, uniq_ijyb
D:4:      layout_loops_corners, uniq_crazy_yiuf_cottage, uniq_grinder
D:5:      layout_basic, xom_butterflies, trog_book, minmay_temple_entry_grid,
          uniq_menkaure
D:6:      layout_loops_ring
D:7:      layout_cave_pods, lemuel_doored_altar
D:8:      hellmonk_ruined_rings, layout_rooms, elyvilon_altar_4,
          mainiacjoe_overflow_alcove_4, kennysheep_slug_shrine,
          general_overflow_altar
D:9:      cheibrodos_fzero, layout_grid_maze, nemelex_spade_bored_becter,
          nzn_wu_jian_contemplation, lair_entry_dummy,
          gammafunk_ghost_nasty_kobolds, serial_shops, nicolae_take_the_stairs
D:10:     layout_cave_pods, eat_drink_and_be_merry_uskayaw, minitemple,
          orc_0_dummy
Temple:   nicolae_temple_two_arcs
Lair:1:   layout_loops_ring, grunt_megastairs_2, lemuel_fruit_fields,
          uniq_amaemon, uniq_erica
Lair:2:   layout_loops_ring, elwin_shoals_entry_rooms,
          nicolae_spider_entry_lesser_pyramids, nicolae_volcano_entry_vermiform

Skill      XL: |  1  2  3  4  5  6  7  8  9 10 11 12 |
---------------+-------------------------------------+-----
Axes           | 2 3 4 5 6 7 8 9 10 | 10.1
Armour         | 3 4 5 6 7 |  7.4
Shields        | 3 4 6 7 |  7.2
Evocations     | 1 2 4 5 6 7 8 |  8.0
Fighting       | 4 5 6 7 8 9 |  9.0
Invocations    | 3 4 6 8 9 10 | 10.2
Dodging        | 1 2 |  2.5
Throwing       | 1 |  1.3

Action                     |  1- 3 |  4- 6 |  7- 9 | 10-12 || total
---------------------------+-------+-------+-------+-------++-------
  Melee: War axe           |   140 |   201 |   289 |   251 ||   881
         Headbutt          |       |    38 |    54 |    64 ||   156
  Throw: Stone             |     3 |       |       |       ||     3
         Dart              |       |     3 |    11 |     8 ||    22
 Invoke: Upheaval          |       |       |       |     1 ||     1
  Evoke: Wand              |       |     1 |     3 |     5 ||     9
         Piece from Xom's  |       |       |       |     3 ||     3
    Use: Potion            |       |     6 |     6 |     3 ||    15
         Scroll            |       |     5 |    10 |     7 ||    22
   Stab: Distracted        |       |       |     1 |       ||     1
         Petrified         |       |       |       |     7 ||     7
 Armour: Scale mail        |    57 |       |       |       ||    57
         Chain mail        |    39 |   128 |   240 |   170 ||   577
  Dodge: Dodged            |    70 |    65 |    98 |    99 ||   332
  Block: Buckler           |    40 |    51 |   201 |   168 ||   460
         Reflection        |       |       |     6 |    25 ||    31
         Tower shield      |       |       |       |   158 ||   158

Table legend: (Time is in decaauts)
 A = Elapsed time spent in this place.
 B = Non-inter-level travel time spent in this place.
 C = Inter-level travel time spent in this place.
 D = Time resting spent in this place.
 E = Time spent auto-exploring this place.
 F = Levels seen in this place.
 G = Mean time per level.
                   A        B        C        D        E       F      G
               +--------+--------+--------+--------+--------+-----+--------+
         Total |  12991 |  12662 |    329 |   2370 |   6186 |  13 |  999.3 |
       Dungeon |  10900 |  10574 |    326 |   1688 |   5270 |  10 | 1090.0 |
        Temple |     18 |     18 |      0 |      0 |      0 |   1 |   18.0 |
          Lair |   2072 |   2069 |      3 |    682 |    916 |   2 | 1036.0 |
               +--------+--------+--------+--------+--------+-----+--------+

Top non-repeatable levels by time:
     D:8: 1863 daAuts
  Lair:1: 1803 daAuts
     D:4: 1642 daAuts
     D:5: 1275 daAuts
     D:9: 1161 daAuts
     D:1: 1141 daAuts
     D:3: 1058 daAuts
     D:7: 1036 daAuts
     D:6: 919 daAuts
     D:2: 690 daAuts
  Lair:2: 269 daAuts
    D:10: 112 daAuts
  Temple: 18 daAuts
